[Event "Late-Titled-Tuesday-Blitz-May-28-2024"]
[Site "Chess.com"]
[Date "2024.05.28"]
[Round "5"]
[White "boguszp"]
[Black "topce"]
[Result "0-1"]
[WhiteElo "2030"]
[BlackElo "2390"]
[TimeControl "180+1"]
[EndTime "14:56:29 PDT"]
[Termination "topce won on time"]

1. d4 Nf6 2. Nf3 e6 3. Bf4 b6 4. h3 Bb7 5. e3 Ne4 6. Be2 f5 7. O-O Be7 8. Nbd2 O-O 9. Nxe4 fxe4 10. Nd2 c5 11. c3 d5 12. Qc2 Nc6 13. f3 Rc8 14.
fxe4 cxd4 15. exd5 Qxd5 16. Bf3 Qd7 17. Bxc6 Qxc6 18.
Nf3 dxe3 19. Bxe3 Bc5 20. Bxc5 Qxc5+ 21. Kh1 Qh5 22. Qe2 Rce8 23. Rf2 e5 24. Raf1 e4 25. Nd4 Qxe2 26. Rxf8+ Rxf8 27. Rxf8+ Kxf8 28. Nxe2 Ke7 29. Kg1 Ke6 30. Kf2 Ke5 31. Ke3 Ba6 32. Ng3 Bd3 33. Nh1 Bb1 34. a3 a5 35. Nf2 a4 36. g3 Kd5 37. Ng4 Kc4 38. Kd2 Kb3 39. Kc1 Bd3 40. Ne3 b5 41. h4 h5 42. Nf5 g6 43. Nd4+ Kc4 44. Kd2 Kd5 45. Ke3 Ke5 46. Nc6+ Kf5 47.
Nd4+ Kg4 48. Kf2 g5 49. Ne6 gxh4 50. gxh4 Kxh4 0-1

[Event "Late-Titled-Tuesday-Blitz-May-28-2024"]
[Site "Chess.com"]
[Date "2024.05.28"]
[Round "5"]
[White "DucksParadise"]
[Black "Quattroporte300"]
[Result "1-0"]
[WhiteElo "2564"]
[BlackElo "2405"]
[TimeControl "180+1"]
[EndTime "14:56:30 PDT"]
[Termination "DucksParadise won by checkmate"]

1. d4 Nf6 2. Nf3 g6 3. Bf4 Bg7 4. Nc3 d5 5. Nb5 Na6 6. e3 O-O 7. h3 c6 8. Nc3 Nc7 9. Be2 Ne4 10. Nxe4 dxe4 11. Nd2 f5 12. O-O Be6 13. c3 Qd7 14. Nc4 Nd5 15. Ne5 Bxe5 16. Bxe5 b5 17. Qd2 g5 18. f3 f4 19. fxe4 Nxe3 20. Rf3 h6 21. Rxe3 fxe3 22. Qxe3 Qe8 23. h4 Qg6 24. d5 cxd5 25.
exd5 Bxd5 26. Bd3 Qb6 27. Bd4 Qe6 28. Qg3 g4 29. Re1 Qd6 30. Qxg4+ Kf7 31. Qg7+ Ke8 32. Be5 Qc6 33. Bg6+ Kd7 34. Bd4 Rg8 35. Qxe7+ Kc8 36. Bf5+ Kb8 37. Be5+ Qd6 38. Qxd6+ Kb7 39. Qxd5+ Ka6 40.
Qc6+ Ka5 41. Bc7+ Ka4 42. Qc5 a6 43. Qb4# 1-0

[Event "Late-Titled-Tuesday-Blitz-May-28-2024"]
[Site "Chess.com"]
[Date "2024.05.28"]
[Round "5"]
[White "glucolisis04"]
[Black "HajiyevKanan"]
[Result "1-0"]
[WhiteElo "2282"]
[BlackElo "2465"]
[TimeControl "180+1"]
[EndTime "14:56:30 PDT"]
[Termination "glucolisis04 won by checkmate"]

1. d4 a6 2. e4 e6 3. Nc3 b5 4.
Nf3 Bb7 5. Bd3 b4 6. Nb1 Nf6 7.
Nbd2 c5 8. O-O cxd4 9. Nxd4 Bc5 10. N4b3 Bb6 11. e5 Nd5 12. Nc4 Bc7 13. Qg4 Ne7 14.
Qxg7 Rg8 15. Nc5 Rxg7 16. Nxb7 Qc8 17. Nbd6+ Bxd6 18. Nxd6+ Kd8 19. Nxc8 Kxc8 20. Be3 Nbc6 21. f4 Nd5 22. Bd2 Kc7 23. c4 bxc3 24. bxc3 a5 25. a3 h5 26. c4 Nde7 27. Be3 Nf5 28. Bxf5 exf5 29. Kf2 h4 30. Rab1 Rag8 31. Rg1 Rg6 32. Bb6+ Kc8 33. Bc5 Rg4 34. g3 Rh8 35. Bd6 hxg3+ 36.
hxg3 Rh2+ 37. Rg2 Rh6 38. Rgg1 Rh2+ 39. Rg2 Rh3 40. Rb3 Rxf4+ 41. gxf4 Rxb3 42. Rg7 Kb7 43. Rxf7 Rb2+ 44. Ke3 Rb3+ 45. Kd2 Kc8 46. Rf8+ Kb7 47. Rf7 Kb6 48. Rxd7 Rb2+ 49. Kc1 Rf2 50. Rf7 Rxf4 51. c5+ Kb5 52. Rb7+ Kc4 53. Rb2 Rf1+ 54. Kc2 Nd4+ 55. Kd2 Rf2+ 56. Kc1 Nb3+ 57. Rxb3 Kxb3 58. e6 Kc3 59. Kd1 Rf3 60. e7 Re3 61. c6 Rd3+ 62. Ke2 Rxd6 63. e8=Q f4 64. Qh8+ Kb3 65. c7 Rc6 66.
c8=Q Rc2+ 67. Qxc2+ Kxc2 68. Qf8 Kb3 69. Kf3 a4 70. Kxf4 Ka2 71. Ke4 Kb3 72. Qb4+ Ka2 73. Qxa4 Kb2 74. Qb4+ Kc2 75. a4 Kc1 76. a5 Kc2 77. a6 Kc1 78. a7 Kc2 79. a8=R Kd1 80. Rd8+ Kc2 81. Qc4+ Kb2 82. Rb8+ Ka3 83. Qa6# 1-0

[Event "Late-Titled-Tuesday-Blitz-May-28-2024"]
[Site "Chess.com"]
[Date "2024.05.28"]
[Round "5"]
[White "jaskol95"]
[Black "HamedWafa4"]
[Result "1-0"]
[WhiteElo "2554"]
[BlackElo "2708"]
[TimeControl "180+1"]
[EndTime "14:56:31 PDT"]
[Termination "jaskol95 won by resignation"]

1. e4 a6 2. d4 c6 3. Nc3 d5 4. e5 Bf5 5. a4 e6 6. Bd3 Bxd3 7. Qxd3 c5 8. Nf3 Nc6 9. Bf4 cxd4 10. Nxd4 Nge7 11. Nxc6 Nxc6 12. O-O h5 13. Rfe1 h4 14. Ne2 h3 15. g4 Bc5 16. c3 Qh4 17. Qg3 Qe7 18.
Be3 a5 19. Nd4 Bxd4 20. Bxd4 Nxd4 21. cxd4 Qb4 22. Qc3 Qb6 23. Ra3 O-O 24. Rb3 Qa7 25. Qxh3 Qxd4 26. Qh4 Qd2 27. Rf1 f5 28. g5 Rac8 29.
Rxb7 Rf7 30. Rxf7 Kxf7 31. Qh5+ Ke7 32. Qg6 Rc4 33. Qxg7+ Kd8 34. Qf8+ Kc7 35. Qd6+ Kb7 36. Qxe6 Rg4+ 37. Kh1 Qd3 38. Qd7+ Kb6 39. Qb5+ Qxb5 40. axb5 Rxg5 41. f4 Rg4 42. e6 Rg7 43. Re1 Re7 44. Re5 Kc5 45. Kg2 a4 46. Kf3 Kc4 47. b6 Kb3 48. b7 Rxb7 49. e7 Kxb2 50. e8=Q Rb3+ 51. Re3 a3 52. Rxb3+ Kxb3 53. Qb5+ Ka2 54. Qxd5+ Kb2 55. Qxf5 a2 56. Qe5+ Kb1 57. f5 a1=Q 58. Qxa1+ 1-0

[Event "Late-Titled-Tuesday-Blitz-May-28-2024"]
[Site "Chess.com"]
[Date "2024.05.28"]
[Round "5"]
[White "manitodeplomo"]
[Black "CarlosjPineror"]
[Result "1-0"]
[WhiteElo "2529"]
[BlackElo "2749"]
[TimeControl "180+1"]
[EndTime "14:56:31 PDT"]
[Termination "manitodeplomo won on time"]

1. d4 Nf6 2. c4 g6 3. Nc3 d6 4. e4 Bg7 5. Be2 O-O 6. Nf3 e5 7.
d5 a5 8. Bg5 Na6 9. Nd2 Qe8 10.
O-O h6 11. Bh4 Nd7 12. a3 f5 13. f3 Ndc5 14. b4 Nd7 15. c5 dxc5 16. b5 Nab8 17.
d6 c6 18. Nc4 Kh7 19. Rb1 f4 20. Bf2 g5 21. Na4 cxb5 22. Rxb5 Nc6 23. Nab6 Rb8 24. Qd5 Nxb6 25. Nxb6 Be6 26. Qxc5 Qg6 27. Rd1 g4 28. d7 Bf6 29. Nd5 Rfd8 30. Qd6 Bg5 31. Nc7 gxf3 32.
Bxf3 Bxd7 33. Qxg6+ Kxg6 34. Rd6+ Kh7 35. Rbd5 Bc8 36.
Rxd8 Bxd8 37. Ne8 Be7 38. Nd6 Be6 39. Rd1 Rd8 40. Nf5 Rxd1+ 41. Bxd1 Bxa3 42. Bc2 Bb2 43. Kf1 1-0

[Event "Late-Titled-Tuesday-Blitz-May-28-2024"]
[Site "Chess.com"]
[Date "2024.05.28"]
[Round "5"]
[White "bubeliang"]
[Black "carokannlover213"]
[Result "0-1"]
[WhiteElo "2796"]
[BlackElo "2749"]
[TimeControl "180+1"]
[EndTime "14:56:36 PDT"]
[Termination "carokannlover213 won by checkmate"]

1. e4 g6 2. d4 Bg7 3. Nc3 c6 4. Nf3 d5 5. h3 dxe4 6. Nxe4 Nf6 7. Nxf6+ exf6 8. Bd3 O-O 9. O-O Be6 10. c3 Nd7 11.
Be3 a5 12. a4 Nb6 13. Qd2 Nc4 14. Bxc4 Bxc4 15. Rfe1 Re8 16. Bh6 Bh8 17. Qf4 Qd7 18.
Rxe8+ Rxe8 19. Re1 Rxe1+ 20. Nxe1 Qd8 21. Qe3 Bg7 22. Bxg7 Kxg7 23. Nd3 Qb6 24. Nc5 Qxb2 25. Qe7 Qc1+ 26. Kh2 Qf4+ 27. Kg1 Qc1+ 28. Kh2 Qf4+ 29. Kg1 b5 30. Nd7 Qc1+ 31. Kh2 Qf4+ 32. Kg1 h5 33. g3 Qf5 34. Qf8+ Kh7 35. Qe7 g5 36. Nxf6+ Kg6 37. Nd7 Bd5 38. Kf1 Qb1+ 39. Ke2 Qc2+ 40. Ke1 Qxc3+ 41.
Ke2 Qc2+ 42. Ke1 Qc3+ 43. Ke2 Bc4+ 44. Kd1 Qxd4+ 45. Kc1 Qc3+ 46. Kd1 Bb3+ 47. Ke2 Qc2+ 48. Ke1 Qd1# 0-1

[Event "Late-Titled-Tuesday-Blitz-May-28-2024"]
[Site "Chess.com"]
[Date "2024.05.28"]
[Round "5"]
[White "szachmistrz2500"]
[Black "nabukatnezarr"]
[Result "1-0"]
[WhiteElo "2518"]
[BlackElo "2639"]
[TimeControl "180+1"]
[EndTime "14:56:36 PDT"]
[Termination "szachmistrz2500 won by resignation"]

1. d4 Nf6 2. c4 e6 3. Nf3 c5 4. d5 exd5 5. cxd5 d6 6. Nc3 g6 7.
Nd2 Bg7 8. e4 O-O 9. Be2 a6 10.
a4 Ne8 11. O-O f5 12. exf5 Bxf5 13. Nc4 Nd7 14. Bd3 Bxd3 15. Qxd3 Ne5 16. Nxe5 Bxe5 17. Bh6 Rf5 18. h3 Qh4 19. Be3 Ng7 20. a5 Raf8 21. Ra4 Qd8 22. Ne4 Rh5 23. b4 Qd7 24.
Qc2 c4 25. Ra2 Nf5 26. Qxc4 Nxe3 27. fxe3 Rxf1+ 28. Qxf1 Rf5 29. Qc4 Rf8 30. Rc2 Qf5 31.
Rf2 Qd7 32. Rxf8+ Kxf8 33. Ng5 Kg8 34. Nf3 Bf6 35. Qe4 Qe7 36. Qxe7 Bxe7 37. Ne1 Bf6 38. Kf2 Bc3 39. Nd3 Kf7 40. e4 Bd4+ 41. Kf3 Kf6 42.
h4 h5 43. g4 Bc3 44. g5+ Ke7 45. Nf4 Kf7 46. Nd3 Bd2 47. Ke2 Bc3 48. Kd1 Ke7 49. Kc2 Bd4 50. Kb3 Be3 51. b5 Bf4 52. bxa6 bxa6 53.
Nxf4 1-0

[Event "Late-Titled-Tuesday-Blitz-May-28-2024"]
[Site "Chess.com"]
[Date "2024.05.28"]
[Round "5"]
[White "H3nriqueTV"]
[Black "tgpgoat"]
[Result "1-0"]
[WhiteElo "2375"]
[BlackElo "2502"]
[TimeControl "180+1"]
[EndTime "14:56:40 PDT"]
[Termination "H3nriqueTV won by resignation"]

1. e4 c5 2. Nf3 e6 3. b3 b6 4. Bb2 Bb7 5. Nc3 Nf6 6. e5 Nd5 7. d4 cxd4 8. Qxd4 Bc5 9. Qg4 O-O 10. Ne4 Bb4+ 11. c3 Be7 12. c4 f5 13. exf6 Nxf6 14. Nxf6+ Bxf6 15. Ne5 Nc6 16. f4 d6 17. Qxe6+ Kh8 18. Nxc6 Bxc6 19. Bxf6 Rxf6 20. Qe3 Qe8 21. Qxe8+ Rxe8+ 22. Kd2 Rxf4 23. Bd3 Bxg2 24. Rhg1 Rf2+ 25. Kc3 g6 26. Rae1 Ref8 27. Re7 Rxa2 28. Bc2 Rf2 29. Bd3 Rf3 30. Rge1 Raf2 31. Rd7 Bf1 32. Re8+ Rf8 33.
Rxf8+ Rxf8 34. Bxf1 Rxf1 35. Rxa7 Rf2 36. Rd7 Rxh2 37. Rxd6 g5 38. Rxb6 g4 39. Ra6 g3 40.
Ra1 g2 41. Rg1 h5 42. c5 Rh3+ 43. Kc4 Rg3 44. c6 Rg8 45. Kc5 h4 46. c7 h3 47. Kc6 h2 48. Rxg2 Rxg2 49. c8=Q+ Kg7 50. Qd7+ Kf6 51. Qd4+ Kf5 52. Qd5+ Kf4 53. Qxg2 1-0

[Event "Late-Titled-Tuesday-Blitz-May-28-2024"]
[Site "Chess.com"]
[Date "2024.05.28"]
[Round "5"]
[White "DonJuanEGenaro"]
[Black "janhelmer03"]
[Result "1-0"]
[WhiteElo "2049"]
[BlackElo "2384"]
[TimeControl "180+1"]
[EndTime "14:56:40 PDT"]
[Termination "DonJuanEGenaro won on time"]

1. d4 d5 2. Nf3 Nf6 3. c4 e6 4. Nc3 Be7 5. g3 O-O 6. Bg2 c6 7. O-O dxc4 8. Ne5 Nd5 9. Nxc4 Nxc3 10. bxc3 Nd7 11. e4 Nb6 12. Ne3 c5 13. a4 cxd4 14.
cxd4 a5 15. Bb2 Bd7 16. Qb3 Bb4 17. Nc2 Qe7 18. Ne3 Qe8 19. d5 Bxa4 20. Qd3 Bb5 21. Qd4 e5 22. Qxb6 Bxf1 23. Bxf1 Qe7 24. Nf5 Qc5 25.
Qxc5 Bxc5 26. Bxe5 Rfe8 27. Bd6 Bb6 28. Ne7+ Kh8 29.
Rc1 a4 30. Bb5 Red8 31. Be5 a3 32. Ba1 a2 33. e5 Ra5 34. Bd3 h6 35. d6 Ra3 36.
Bc4 Ra5 37. Rc2 Rf8 38. Rxa2 Rxa2 39. Bxa2 Ra8 40. Bxf7 Rxa1+ 41. Kg2 Ra2 42. e6 Rxf2+ 43. Kh3 Rf6 44. Ng6+ Rxg6 45. Bxg6 Bc5 46. e7 1-0

[Event "Late-Titled-Tuesday-Blitz-May-28-2024"]
[Site "Chess.com"]
[Date "2024.05.28"]
[Round "5"]
[White "kalinchick"]
[Black "Juliana_Figueira"]
[Result "1-0"]
[WhiteElo "2371"]
[BlackElo "1993"]
[TimeControl "180+1"]
[EndTime "14:56:40 PDT"]
[Termination "kalinchick won by resignation"]

1. Nf3 Nf6 2. g3 g6 3. Bg2 Bg7 4. O-O O-O 5. d4 d5 6. c4 e6 7. Nc3 b6 8. Ne5 Bb7 9. cxd5 Nxd5 10. Nxd5 exd5 11. Nf3 Nd7 12. Bf4 Nf6 13. Rc1 Rc8 14. Qa4 a6 15. Ne5 b5 16. Qa3 Nd7 17. Bh3 f5 18. Nc6 Bxc6 19. Rxc6 Nb6 20. Qxa6 Bxd4 21. Qxb5 Qd7 22. Rxb6 c6 23. Rb7 Qe6 24. Qd3 c5 25. Bg2 Rfd8 26. e3 Bf6 27. Rd1 d4 28.
Qb3 c4 29. Qb4 d3 30. Rb6 Qf7 31. Rd6 Rxd6 32. Bxd6 c3 33. bxc3 Bxc3 34. Qb3 Qxb3 35. axb3 d2 36. Bd5+ Kg7 37. Bc4 Ra8 38. Kf1 Rd8 39.
Bf4 Ra8 40. Ke2 Kf6 41. e4 fxe4 42. Bxd2 Ra2 43. Ke1 Bxd2+ 44. Rxd2 Ra1+ 45. Ke2 Ke5 46. h4 Rc1 47. Rd5+ Ke6 48. Rd1+ Rxc4 49. bxc4 Ke5 50. Ke3 Ke6 51. Rd5 Ke7 52. Kxe4 Ke6 53. c5 Ke7 54. Rd6 Ke8 55. Ke5 Ke7 56. c6 Ke8 57.
Rd7 1-0

[Event "Late-Titled-Tuesday-Blitz-May-28-2024"]
[Site "Chess.com"]
[Date "2024.05.28"]
[Round "5"]
[White "nitpicker"]
[Black "VirtualCoach"]
[Result "0-1"]
[WhiteElo "2299"]
[BlackElo "2199"]
[TimeControl "180+1"]
[EndTime "14:56:43 PDT"]
[Termination "VirtualCoach won by resignation"]

1. d4 Nf6 2. c4 e6 3. g3 d5 4. Nf3 Bb4+ 5. Bd2 Bd6 6. Qc2 c6 7. Bg2 Nbd7 8. Bf4 Qc7 9. e3 O-O 10. O-O Ne4 11. Nbd2 Ndf6 12. Rac1 h6 13. c5 Bxf4 14.
gxf4 Nxd2 15. Nxd2 Bd7 16. Kh1 b6 17. Nb3 Rab8 18. Bf3 a5 19. a4 b5 20. axb5 Rxb5 21.
Nd2 Rfb8 22. b3 Qb7 23. Rg1 Rb4 24. Rg3 Kf8 25. Rcg1 Ne8 26. Qh7 Ke7 27. Rxg7 Nxg7 28. Rxg7 Rf8 29. Bh5 Be8 30. Qxh6 Kd8 31. Rg3 Qe7 32.
Be2 a4 33. bxa4 Rb2 34. e4 Rxd2 35. Bf3 Rxd4 36. a5 Ra4 37. Qg7 Rxa5 38. Rg5 Ra1+ 39. Kg2 f6 40. Qxe7+ Kxe7 41. Rg7+ Rf7 42. Rg8 Re1 43.
h4 dxe4 44. Bg4 f5 45. Bh3 Rc1 46. h5 Rxc5 47. h6 Rh7 48. Rg7+ Rxg7+ 49. hxg7 0-1

[Event "Late-Titled-Tuesday-Blitz-May-28-2024"]
[Site "Chess.com"]
[Date "2024.05.28"]
[Round "5"]
[White "RantomOpening"]
[Black "maracayo"]
[Result "1-0"]
[WhiteElo "2572"]
[BlackElo "2424"]
[TimeControl "180+1"]
[EndTime "14:56:47 PDT"]
[Termination "RantomOpening won by resignation"]

1. c4 d6 2. Nf3 Nf6 3. Nc3 e5 4.
e4 Be7 5. d4 Nbd7 6. Be2 O-O 7.
O-O exd4 8. Nxd4 Re8 9. Be3 h6 10. Qc2 Bf8 11. f3 c6 12. Bf2 Qc7 13. Rfe1 Ne5 14.
Rad1 a6 15. b3 b5 16. cxb5 cxb5 17.
Qb2 Bb7 18. Rc1 Qd7 19. a4 b4 20. Na2 d5 21. exd5 Nxd5 22. Red1 Rac8 23. Rxc8 Qxc8 24.
Rc1 Qd7 25. Bf1 Nf4 26. Rd1 Qc8 27. Qd2 Nd5 28. Ne2 Qf5 29. Ng3 Qg6 30. Kh1 h5 31.
Ne4 Qf5 32. Ng3 Qg6 33. Ne4 Qf5 34. Nc1 Nf4 35. Ng3 Qg5 36. Be3 Neg6 37. Nge2 Rxe3 38. Qxe3 h4 39. g3 Nxe2 40. Qxg5 Bxf3+ 41. Bg2 Nxg3+ 42. hxg3 Bxd1 43. gxh4 Be7 44. Qd5 Bg4 45. h5 Nf8 46. Nd3 Be6 47. Qa5 Bxb3 48. Nxb4 Bc4 49. Nxa6 Ne6 50.
Nc7 Nf4 51. Qa8+ Kh7 52. Qe4+ 1-0

[Event "Late-Titled-Tuesday-Blitz-May-28-2024"]
[Site "Chess.com"]
[Date "2024.05.28"]
[Round "5"]
[White "Grebnev_A"]
[Black "sergiochess83"]
[Result "1-0"]
[WhiteElo "2663"]
[BlackElo "2871"]
[TimeControl "180+1"]
[EndTime "14:56:48 PDT"]
[Termination "Grebnev_A won by resignation"]

1. Nf3 d5 2. e3 Nf6 3. c4 e6 4. b3 Bd6 5. Bb2 Qe7 6. d4 c6 7.
Nc3 Nbd7 8. Be2 O-O 9. O-O b6 10. Qc2 Bb7 11. Rfe1 Rac8 12. e4 dxe4 13. Nxe4 Nxe4 14.
Qxe4 Bb4 15. Rec1 Nf6 16. Qh4 Ba3 17. Bxa3 Qxa3 18. c5 Ba6 19. Bxa6 Qxa6 20. Ne5 Rfd8 21. Rc2 b5 22. h3 h6 23. Re1 Rd5 24. Rc3 Qxa2 25.
Rg3 Kf8 26. Rxg7 Kxg7 27. Re3 Rxe5 28. dxe5 Nh7 29. Rg3+ Kh8 30. Qf4 Qb1+ 31. Kh2 Qf5 32. Qd4 Ng5 33. f3 Rg8 34. Rg4 h5 35. Rf4 Qc2 36. Qg1 Qe2 37. Kh1 Qxe5 38. Qc1 Rg7 39. Qd2 Qxc5 40. Rh4 Nh7 41. Qd8+ Qf8 42. Qd4 Qe7 43.
Rxh5 Kg8 44. Rc5 Nf8 45. Rxc6 Qg5 46. Rc2 a5 47. Qc3 Qf5 48. Rd2 a4 49. bxa4 bxa4 50. Qb4 Qg5 51. Rc2 Qf5 52. Rd2 Qg5 53. Rc2 Qf5 54. Rc8 Qg5 55. Rxf8+ Kh7 56. Qe4+ Qg6 57. Qh4+ Qh6 58. Rh8+ 1-0

[Event "Late-Titled-Tuesday-Blitz-May-28-2024"]
[Site "Chess.com"]
[Date "2024.05.28"]
[Round "5"]
[White "Nekoo04"]
[Black "djjohnnywoo"]
[Result "1-0"]
[WhiteElo "2425"]
[BlackElo "2135"]
[TimeControl "180+1"]
[EndTime "14:56:48 PDT"]
[Termination "Nekoo04 won on time"]

1. e4 g6 2. d4 Bg7 3. c4 d6 4.
Nc3 Nc6 5. Be3 e5 6. Nge2 Nf6 7. d5 Ne7 8. h3 c6 9. Nc1 cxd5 10.
cxd5 a6 11. Be2 Bd7 12. O-O O-O 13. Nd3 Rc8 14. Qb3 Rxc3 15. bxc3 Nxe4 16. Bf3 Bf5 17. c4 Nf6 18. Be2 Qd7 19. Rab1 Rb8 20. Ba7 Rc8 21.
Qxb7 Rc7 22. Qa8+ Bf8 23. Bb6 Rxc4 24. Nxe5 dxe5 25. Bxc4 Bxh3 26. d6 Nf5 27. gxh3 Nh4 28. Qa7 Qe8 29. Be3 e4 30. Rb8 Nf3+ 31. Kh1 Qd7 32.
Qxd7 Nxd7 33. Rb7 Nde5 34. Bxa6 Bxd6 35. Rd1 Bf8 36. Bb5 Kg7 37. a4 Bb4 38. Be8 Nh4 39. Bd4 Kf6 40. Rxf7+ Ke6 41. Bxe5 Kxe5 42. Rxh7 Nf3 43.
Bxg6 Kf4 44. Rb1 Bd2 45. Re7 Be1 46. Rxe4+ Kg5 47. Rexe1 1-0

[Event "Late-Titled-Tuesday-Blitz-May-28-2024"]
[Site "Chess.com"]
[Date "2024.05.28"]
[Round "5"]
[White "blueryder"]
[Black "rionelG"]
[Result "0-1"]
[WhiteElo "2163"]
[BlackElo "2297"]
[TimeControl "180+1"]
[EndTime "14:56:48 PDT"]
[Termination "rionelG won on time"]

1. e4 c5 2. Nc3 a6 3. a4 Nc6 4. f4 g6 5. Nf3 Bg7 6. Bc4 e6 7. d3 Nge7 8. Bb3 d6 9. O-O O-O 10. Ne2 Rb8 11. c3 b5 12. Bc2 b4 13. Be3 a5 14. d4 bxc3 15. bxc3 cxd4 16. Nexd4 Ba6 17. Nb5 d5 18. e5 Re8 19. Bd3 Nf5 20. Bxf5 exf5 21.
Rb1 f6 22. exf6 Qxf6 23. Bd4 Nxd4 24. Nfxd4 Rbc8 25. Qf3 Re4 26. Rfd1 h6 27. Qg3 Kh7 28. Nf3 Bxb5 29. axb5 Rxc3 30. b6 Rc8 31. b7 Rb8 32. Ne5 Qa6 33. Rxd5 Bxe5 34. Rxe5 Rxb7 35. Rd1 Qb6+ 36.
Kh1 Rxe5 37. fxe5 Qb3 38. Re1 Qxg3 39. hxg3 Kg7 40. Ra1 Rb5 41. Re1 Kf7 42. Kg1 Ke6 43. Rc1 Kxe5 44. Rc6 g5 45. Rxh6 Rb2 46. Ra6 Ra2 47. Kh2 Ke4 48. g4 fxg4 49. Kg3 Ra4 50. Kxg4 Ke3+ 51. Kxg5 Kf2 0-1

[Event "Late-Titled-Tuesday-Blitz-May-28-2024"]
[Site "Chess.com"]
[Date "2024.05.28"]
[Round "5"]
[White "Kielinkei"]
[Black "subham777"]
[Result "1-0"]
[WhiteElo "2453"]
[BlackElo "2564"]
[TimeControl "180+1"]
[EndTime "14:56:50 PDT"]
[Termination "Kielinkei won by resignation"]

1. c4 e6 2. g3 d5 3. Bg2 Nf6 4. Nf3 Be7 5. O-O O-O 6. b3 c5 7. cxd5 Nxd5 8. Bb2 Nc6 9. d4 cxd4 10. Nxd4 Nxd4 11. Qxd4 Bf6 12. Qd2 Bd7 13. Nc3 Bc6 14.
Nxd5 Bxd5 15. Bxf6 Qxf6 16. Bxd5 Rad8 17. e4 Rd7 18.
Rad1 Rfd8 19. Qb4 exd5 20. Rxd5 Rxd5 21. exd5 b6 22. Rd1 Qf3 23. Qd4 Rd6 24. Rd3 Qf5 25.
Re3 h6 26. Re5 Qb1+ 27. Kg2 Qxa2 28. Re8+ Kh7 29. Qe4+ Rg6 30. h4 h5 31. Re5 Kh6 32.
Qe3+ Kh7 33. Rxh5+ Rh6 34. Qe4+ g6 35. Rxh6+ Kxh6 36. Qd3 Qa5 37. d6 b5 38. d7 Qd8 39. Qxb5 Kh7 40.
Qc6 Qe7 41. Kh2 Qe2 42. d8=Q Qxf2+ 43. Qg2 Qc5 44. Qf6 Qc7 45. Qgf2 Kg8 46. h5 gxh5 47.
Qg5+ Kf8 48. Qxh5 Qc3 49. Qh6+ Kg8 50. Qg5+ Kf8 51. Qd8+ Kg7 52. Qdd4+ Qxd4 53. Qxd4+ Kg6 54. Qxa7 f6 55. Qf2 Kg5 56. Kg2 f5 57. Qf4+ Kg6 58.
g4 1-0

[Event "Late-Titled-Tuesday-Blitz-May-28-2024"]
[Site "Chess.com"]
[Date "2024.05.28"]
[Round "5"]
[White "Iuckyducky"]
[Black "WPWPWP-2015"]
[Result "0-1"]
[WhiteElo "2252"]
[BlackElo "2513"]
[TimeControl "180+1"]
[EndTime "14:56:51 PDT"]
[Termination "WPWPWP-2015 won by resignation"]

1. e4 c5 2. Nf3 d6 3. c3 Nf6 4. h3 e6 5. Bd3 Be7 6. Bc2 c4 7. O-O O-O 8. Na3 Qc7 9. Qe2 d5 10.
e5 Nfd7 11. d3 cxd3 12. Bxd3 Bxa3 13. bxa3 g6 14. Bh6 Re8 15. Rac1 Nc6 16. Rfe1 b6 17.
h4 Nc5 18. Bb1 Ba6 19. Qe3 Rac8 20. h5 Ne7 21. Qg5 Qd8 22. Qf4 Bd3 23. g4 Bxb1 24. Qf6 Nf5 25. gxf5 Qxf6 26. exf6 Bxf5 27. hxg6 Nd3 28.
gxf7+ Kxf7 29. Ne5+ Nxe5 30. Rxe5 Kxf6 31. Re3 Rg8+ 32.
Kf1 d4 33. Rf3 d3 34. Bd2 Rg4 35. Rg3 Rcg8 36. Rxg4 Rxg4 37. f3 Rg8 38. Kf2 h5 39.
Ke3 h4 40. Rh1 h3 41. Kf4 Rg2 42. Be3 Re2 43. Bd4+ Ke7 44. Kg3 Kd6 45. Rd1 e5 46. Bg1 Rg2+ 47. Kh4 h2 48. Be3 Rg1 49. Bxg1 h1=Q+ 50. Kg5 Kd5 51. Kxf5 Qg2 52. Kf6 Qxf3+ 53. Ke7 Qxd1 0-1

[Event "Late-Titled-Tuesday-Blitz-May-28-2024"]
[Site "Chess.com"]
[Date "2024.05.28"]
[Round "5"]
[White "Valiyev_Shahin"]
[Black "laskakid"]
[Result "1-0"]
[WhiteElo "2538"]
[BlackElo "2356"]
[TimeControl "180+1"]
[EndTime "14:56:52 PDT"]
[Termination "Valiyev_Shahin won on time"]

1. e4 d6 2. d4 Nf6 3. Nc3 e5 4. Nf3 Nbd7 5. Bc4 Be7 6. O-O O-O 7. a4 c6 8. h3 h6 9. Ba2 Re8 10. Re1 a5 11. Be3 exd4 12. Nxd4 Bf8 13. f3 Nc5 14. Qd2 d5 15. exd5 cxd5 16. Rad1 Bd7 17. Ndb5 Nxa4 18. Nxa4 Bxb5 19. Nb6 Ra6 20. Nxd5 Rd6 21. c4 Bc6 22.
Bf4 Rd7 23. Rxe8 Nxe8 24. Qc3 Bb4 25. Qc2 Nf6 26. Qf5 Nxd5 27. cxd5 Ba4 28. b3 Bc6 29.
Bb1 g6 30. Qg4 h5 31. Qg3 Bxd5 32. Bxg6 fxg6 33. Qxg6+ Rg7 34. Qxh5 Qb6+ 35. Kh2 Bf7 36. Qh4 Qg6 37. Rd8+ Bf8 38. Qf2 Qf6 39. Qd4 Qxd4 40. Rxd4 Bb4 41. Be5 Rg6 42. Rd8+ Bf8 43. f4 Bxb3 44.
f5 Rc6 45. f6 Kf7 46. Rd7+ Ke6 47. Rd8 Kxe5 48. Rxf8 Rxf6 49. Re8+ Be6 50. Rb8 Rf7 51. Ra8 Rc7 52. Rxa5+ 1-0

[Event "Late-Titled-Tuesday-Blitz-May-28-2024"]
[Site "Chess.com"]
[Date "2024.05.28"]
[Round "5"]
[White "CixPer1968"]
[Black "DonPreuss"]
[Result "1/2-1/2"]
[WhiteElo "2158"]
[BlackElo "2289"]
[TimeControl "180+1"]
[EndTime "14:56:54 PDT"]
[Termination "Game drawn - insufficient material"]

1. d4 Nf6 2. c4 e6 3. Nf3 Bb4+ 4. Nbd2 O-O 5. g3 c5 6. Bg2 Nc6 7. a3 Bxd2+ 8. Qxd2 cxd4 9. Nxd4 d5 10. cxd5 exd5 11. O-O Qb6 12. Nxc6 bxc6 13. b4 Re8 14. Bb2 Ne4 15.
Qd4 Qxd4 16. Bxd4 Nd2 17. Rfe1 Nb3 18. Rad1 Nxd4 19. Rxd4 Ba6 20. e3 Bb5 21. Rc1 a5 22. Bf1 Bxf1 23. Kxf1 Re6 24. b5 cxb5 25. Rxd5 Rb6 26. Rb1 Rab8 27. Ke2 Kf8 28. Kd3 Ke7 29. e4 Ke6 30. f4 f5 31. Rxf5 Rd8+ 32. Ke3 b4 33.
Re5+ Kf6 34. axb4 axb4 35. Rc5 Ra8 36. Kd4 Ra2 37. h4 Rd2+ 38. Kc4 Rc2+ 39. Kd5 Rg2 40. Rc6+ Rxc6 41. Kxc6 Rxg3 42. Rxb4 Rg4 43. e5+ Kf5 44. Kd6 Rg2 45. Rd4 Ra2 46. Ke7 Ra7+ 47. Rd7 Ra4 48.
Kf7 Rxf4 49. Kxg7 Kxe5 50. Kxh7 Rxh4+ 51. Kg6 Rg4+ 52. Kf7 Rf4+ 53. Kg7 Rg4+ 54. Kf7 Rf4+ 55. Kg7 Ke6 56. Ra7 Rg4+ 57. Kh6 Rf4 58. Kg6 Rg4+ 59.
Kh5 Rd4 60. Ra6+ Ke5 61. Kg5 Ke4 62. Ra5 Rd5+ 63. Rxd5 Kxd5 1/2-1/2

[Event "Late-Titled-Tuesday-Blitz-May-28-2024"]
[Site "Chess.com"]
[Date "2024.05.28"]
[Round "5"]
[White "Grischuk"]
[Black "Jospem"]
[Result "1/2-1/2"]
[WhiteElo "3137"]
[BlackElo "3025"]
[TimeControl "180+1"]
[EndTime "14:56:55 PDT"]
[Termination "Game drawn by repetition"]

1. d4 Nf6 2. c4 e6 3. Nf3 Bb4+ 4. Nbd2 O-O 5. a3 Be7 6. e4 d6 7. Be2 Nfd7 8. b4 e5 9. d5 a5 10. Bb2 c6 11. O-O Na6 12. Qb3 c5 13. b5 Nc7 14.
Rfe1 Nb6 15. Nf1 f5 16. exf5 Bxf5 17. Ng3 Bg6 18. Rad1 Qd7 19. Bd3 Bxd3 20. Qxd3 Ne8 21. Ne4 Qf5 22. Qe2 h6 23. h3 Nf6 24. Ng3 Qh7 25.
Rc1 Nfd7 26. Ne4 Rf7 27. Rc3 Raf8 28. Re3 Qg6 29. Kh2 Rf4 30. Bc3 a4 31. Ba5 Kh8 32. Bxb6 Nxb6 33. Nfd2 R4f7 34. Rg3 Qh7 35. Rf3 Qg6 36.
Rxf7 Qxf7 37. Kg1 Qe8 38. Rf1 Qg6 39. Qg4 Kh7 40. Qxg6+ Kxg6 41. g3 Bg5 42. Nxg5 hxg5 43. Rc1 Kf5 44. Kf1 Rh8 45. Kg2 Re8 46. Re1 Kg6 47. Re4 Rf8 48. Re3 Re8 49. Re4 Rf8 50.
Rg4 Kh6 51. Re4 Re8 52. Re3 Kg6 53. Kf3 Rf8+ 54. Kg2 Re8 1/2-1/2

[Event "Late-Titled-Tuesday-Blitz-May-28-2024"]
[Site "Chess.com"]
[Date "2024.05.28"]
[Round "5"]
[White "RaugintaBulba"]
[Black "Agustin_Meza"]
[Result "1/2-1/2"]
[WhiteElo "2424"]
[BlackElo "2181"]
[TimeControl "180+1"]
[EndTime "14:56:55 PDT"]
[Termination "Game drawn by repetition"]

1. d4 Nf6 2. c4 g6 3. Nc3 Bg7 4.
e4 d6 5. Be3 O-O 6. h3 c5 7. d5 e6 8. Nf3 exd5 9. exd5 Re8 10. Bd3 Rxe3+ 11. fxe3 Qe7 12. O-O Nfd7 13. e4 Ne5 14. Nxe5 Qxe5 15. Qf3 Qe7 16. Nb5 Nd7 17. Qf4 Ne5 18. Be2 a6 19. Nc3 Bd7 20. a4 b6 21. Rac1 Rb8 22. b3 Qf8 23. g4 Qe7 24. Kg2 Qh4 25. Qg3 Qxg3+ 26. Kxg3 Bh6 27.
Rc2 Be3 28. Nd1 Bd4 29. Nf2 b5 30. axb5 axb5 31. Nd3 bxc4 32. bxc4 Rb3 33. Rd1 Ra3 34.
Kg2 Ba4 35. Nxe5 Bxc2 36. Rd2 Bxe4+ 37. Bf3 Bxe5 38. Bxe4 Kg7 39. Bf3 h6 40. Rf2 Rc3 41. Be2 Rc2 42. Kf1 Bd4 43. Rf3 Rc1+ 44. Kg2 Rg1+ 45.
Kh2 Re1 46. Bd3 Be5+ 47. Kg2 Rd1 48. Kf2 Rh1 49. Ke3 f6 50. Ke2 Rh2+ 51. Ke3 Bd4+ 52.
Kf4 Rd2 53. Ke4 Be5 54. Ke3 Rd1 55. Ke2 Ra1 56. Kd2 Ra2+ 57. Ke3 Bd4+ 58. Ke4 Ra3 59. Kf4 Be5+ 60. Ke4 Bd4 61. Kf4 Be5+ 62. Ke4 Bd4 1/2-1/2